 Dungeon Crawl Stone Soup version 0.31-a0-702-gf82c85558f (webtiles) character file.

Game seed: 3448609706221902793

131104 qw the Crack Shot (level 17, -5/113 HPs)
             Began as a Gargoyle Hunter on Sept 8, 2023.
             Was a High Priest of Okawaru.
             Slain by a naga
             ... wielding a +4 war axe
              (29 damage)
             ... on level 2 of the Snake Pit.
             The game lasted 00:13:40 (25045 turns).

qw the Crack Shot (Gargoyle Hunter)                Turns: 25045, Time: 00:13:40

Health: -5/113     AC: 24    Str: 15    XL:     17   Next: 9%
Magic:  23/24      EV: 26    Int: 12    God:    Okawaru [*****.]
Gold:   511        SH:  0    Dex: 30    Spells: 16/16 levels left

rFire   + . .        w - +2 triple crossbow (heavy)
rCold   . . .        (shield currently unavailable)
rNeg    + + .        n - +0 leather armour of Omission {Dex+5}
rPois   inf          p - +0 mask of the Dragon {Will+ Slay+3 SInv}
rElec   +            v - scarf {repulsion}
rCorr   .            o - +2 pair of gloves
SInv    +            x - +2 pair of boots
Will    +++..        r - amulet of the acrobat
Stlth   ++++         l - ring "Zutatin" {rPois rF+ rN+ Will+ SInv}
HPRegen 0.38/turn    t - +6 ring of dexterity
MPRegen 0.19/turn

%: repel missiles, acrobat
@: about to teleport, heroic, flying, constricted
A: sickness immunity, AC +12, big wings, negative energy resistance 1,
electricity resistance, torment resistance 1, petrification resistance
a: Renounce Religion, Heroism, Finesse, Duel


You were on level 2 of the Snake Pit.
You worshipped Okawaru.
Okawaru was extremely pleased with you.
You visited 6 branches of the dungeon, and saw 28 of its levels.
You also visited: Sewer and Gauntlet.

You collected 2316 gold pieces.
You spent 1805 gold pieces at shops.


Innate Abilities, Weirdness & Mutations

You are immune to sickness and miasma.
Your stone body is resilient. (AC +12)
You are immune to poison.
Your large and strong wings let you fly.
You resist negative energy. (rN+)
You are resistant to electric shocks. (rElec)
You are resistant to unholy torment.
You are immune to petrification.


   Skills:
 - Level 15.0(20.0) Fighting
 + Level 21.5(26.5) Ranged Weapons
 - Level 7.0(12.0) Armour
 - Level 11.0(16.0) Dodging
 - Level 1.1(6.1) Stealth
 - Level 10.0 Invocations


You had 16 spell levels left.
You didn't know any spells.
Your spell library was empty.

Inventory:

Hand Weapons
 w - a +2 heavy triple crossbow (weapon)
Armour
 b - the +0 pair of gloves "Veoffe" {rF+++ Str-5 Int+5 Dex-3}
   (You acquired it on level 7 of the Dungeon)

   Str-5:     It affects your strength (-5).
   Int+5:     It affects your intelligence (+5).
   Dex-3:     It affects your dexterity (-3).
   rF+++:     It renders you almost immune to fire.
 d - a +0 cloak
 n - the +0 leather armour of Omission (worn) {Dex+5}
   (You found it on level 7 of the Dungeon)

   Dex+5:     It affects your dexterity (+5).
 o - a +2 pair of gloves (worn)
 p - the +0 mask of the Dragon (worn) {Will+ Slay+3 SInv}
   (You found it on level 13 of the Dungeon)

   Slay+3:    It affects your accuracy & damage with ranged weapons and melee
   (+3).
   Will+:     It increases your willpower.
   SInv:      It lets you see invisible.
 q - a +1 robe of resistance
 u - the +1 ring mail of Ninaatel {rF++ rCorr}
   (You found it on level 5 of the Lair of Beasts)

   rF++:      It greatly protects you from fire.
   rCorr:     It protects you from acid and corrosion.
 v - a scarf of repulsion (worn)
 x - a +2 pair of boots (worn)
Jewellery
 a - a +5 ring of evasion
 l - the ring "Zutatin" (left hand) {rPois rF+ rN+ Will+ SInv}
   (You acquired it on level 2 of the Lair of Beasts)

   [ring of willpower]

   rF+:       It protects you from fire.
   rPois:     It protects you from poison rN+: It protects you from negative
   energy.
   Will+:     It increases your willpower.
   SInv:      It lets you see invisible.
 r - an amulet of the acrobat (around neck)
 t - a +6 ring of dexterity (right hand)
Scrolls
 c - 9 scrolls of identify
 h - 10 scrolls of teleportation
Potions
 e - 7 potions of haste
 f - 3 potions of cancellation
 g - 5 potions of might
 i - 5 potions of mutation
 j - 10 potions of curing
 k - 2 potions of magic
 m - 3 potions of heal wounds
 s - 4 potions of enlightenment

Dungeon Overview and Level Annotations

Branches:
Dungeon (15/15)            Temple (1/1) D:4            Lair (5/5) D:9
  Swamp (3/4) Lair:2        Snake (2/4) Lair:3        Slime (0/5) Lair:5
    Orc (2/2) D:10            Elf (0/3) Orc:2        Vaults (0/5) D:13
 Depths (0/4) D:15          Sewer (visited)         Gauntlet (visited)

Altars:
Ashenzari
Cheibriados
Dithmenos
Elyvilon
Fedhas
Gozag
Hepliaklqana
Kikubaaqudgha
Makhleb
Nemelex Xobeh
Okawaru
Qazlal
Ru
Sif Muna
Trog
Uskayaw
Vehumet
Wu Jian
Xom
Yredelemnul
Zin
The Shining One
Jiyva

Shops:
D:7 :   D:10 :[(=   D:13 *   D:14 [   Orc:1 [   Orc:2 (*=*=[(!   Snake:1 (

Portals:
Abyss: Lair:3

Annotations:
D:3 1 transporter, qw's ghost, amateur GrHu
D:5 1 runed translucent door
D:6 1 runed translucent door, qw's ghost, novice GrHu
D:9 3 runed translucent doors, qw's ghost, novice DEHu
Lair:3 2 transporters, qw's ghost, journeyman GrHu
Lair:5 2 runed translucent doors
Swamp:1 3 runed translucent doors, Keoguots's ghost, adept GnSk; contendunt's ghost, adept MiFi; popps's ghost, adept MiBe; qw's ghost, adept GrHu
Snake:2 1 runed translucent door, qw's ghost, adept GrHu


Message History

The anaconda constricts you. The naga warrior barely misses you.
The naga hits you with a +0 mace.
You shoot a bolt. The bolt misses the anaconda.
The naga no longer looks unusually strong.
The anaconda completely misses you. The anaconda constricts you.
The anaconda misses you. The anaconda constricts you. The naga misses you.
The naga warrior roars a battlecry!
The naga goes into a battle-frenzy!
The naga misses you. The anaconda barely misses you.
The anaconda constricts you.
You shoot a bolt. The bolt hits the anaconda!!!!
You kill the anaconda!
Okawaru accepts your kill. The naga warrior completely misses you.
The naga warrior misses you. The naga closely misses you. x2
The naga spits poison at you. The splash of poison misses you.
The splash of poison hits the naga warrior but does no damage.
The naga warrior hits you but does no damage.
The naga warrior barely misses you. The naga spits poison at you.
The splash of poison misses you.
Enter note: You shoot a bolt.
The bolt hits the naga warrior!!!
You kill the naga warrior!
Okawaru accepts your kill.
The naga no longer looks unusually strong.
The naga hits you with a +4 war axe!! The naga completely misses you.
The naga hits you with a +0 mace. The naga closely misses you.
The naga spits poison at you. The splash of poison misses you.
The naga misses you. The naga grabs you. The naga constricts you.
25045 ||| READING 11 scrolls of teleportation.
As you read the scroll of teleportation, it crumbles to dust.
You feel strangely unstable. The naga spits poison at you.
The splash of poison is repelled.
The naga spits poison at you. The splash of poison misses you.
The naga hits you with a +4 war axe!!
You die...

#.#...#
..
#.#...#
#.##..#
#.#...#
#.#.#.#
##..### #
##..## N#
##).# ..#
#^@N#...#
#NN%....#
##..}..##
##...##
#####


You could see 3 nagas.

Vanquished Creatures
  A tentacled monstrosity (Swamp:1)
  A thorn hunter (Swamp:3)
  Agnes (D:15)
  Roxanne (D:14)
  Louise (D:15)
  An orc warlord (Orc:2)
  An eleionoma (Swamp:3)
  4 bunyips
  Nessos (D:13)
  Azrael (D:15)
  A minotaur (Gauntlet)
  Josephine (Lair:5)
  4 vault guards (D:13)
  10 hydras
  An entropy weaver (Gauntlet)
  9 alligators
  A spriggan air mage (Swamp:3)
  2 ghost crabs
  2 anacondas
  4 boulder beetles
  16 death yaks
  A two-headed ogre (D:14)
  A demonic crawler (Lair:5)
  2 naga warriors
  Urug (Lair:3)
  A naga sharpshooter (Snake:1)
  4 orc high priests (Orc:2)
  A shock serpent (Snake:1)
  A sixfirhy (Gauntlet)
  4 skeletal warriors (D:13)
  2 goliath frogs (Swamp:2)
  A spriggan druid (Swamp:3)
  4 swamp dragons
  3 bog bodies
  3 wizards
  2 deep elf pyromancers (D:14)
  2 lindwurms
  A necromancer (D:15)
  11 ugly things
  Pikel (D:6)
  3 oklob plants (Lair:2)
  3 orc knights (Orc:2)
  4 will-o-the-wisps
  A wolf spider (Gauntlet)
  4 orc sorcerers
  6 cyclopes
  4 manticores
  An elephant (Lair:2)
  7 black mambas
  2 guardian serpents (D:11)
  4 naga magi
  12 cane toads
  5 torpor snails (Lair:5)
  A kobold demonologist (D:10)
  Maggie (D:6)
  A rime drake (Lair:5)
  3 unseen horrors
  A minotaur zombie (Gauntlet)
  2 centaur skeletons (D:15)
  An unseen horror (shapeshifter) (D:15)
  2 komodo dragons (Lair:1)
  A tengu conjurer (D:13)
  11 trolls
  2 bloated husks (Swamp:2)
  12 polar bears
  A wolf spider simulacrum (D:15)
  12 tyrant leeches
  A raiju (shapeshifter) (D:13)
  3 raiju (Lair:5)
  6 hornets (Lair:5)
  15 blink frogs
  Sigmund (D:3)
  10 slime creatures
  3 spriggans (Swamp:3)
  2 jumping spiders (Gauntlet)
  A shadow (D:11)
  A culicivora (shapeshifter) (D:14)
  44 yaks
  7 humans (D:13)
  6 wyverns
  5 fire elementals (D:15)
  8 wraiths
  2 basilisks
  A steam dragon (D:8)
  11 swamp worms
  16 vampire mosquitoes
  8 wargs
  8 nagas
  10 water moccasins
  16 hell hounds
  Duvessa (D:6)
  A meliai simulacrum (D:15)
  31 orc warriors
  13 black bears
  28 wolves
  9 ogres
  8 centaurs
  2 lemures (D:6)
  7 kobold brigands
  9 bullfrogs
  A gnoll sergeant (D:10)
  4 scorpions
  4 wights (D:9)
  Dowan (D:6)
  2 howler monkeys
  3 electric eels
  7 hounds
  2 jellies
  17 orc priests
  A gnoll bouda (D:5)
  2 boggart zombies (D:15)
  2 iguanas (D:4)
  4 hell rats (Lair:5)
  35 orc wizards
  9 adders
  10 gnolls
  A shadow imp (D:5)
  6 white imps
  4 ufetubi (Gauntlet)
  3 worms
  3 dart slugs (D:1)
  93 orcs
  8 ball pythons
  4 endoplasms
  8 giant cockroaches
  8 goblins
  4 hobgoblins
  4 jackals (D:1)
  18 kobolds
  2 quokkas (D:1)
  11 bats
  2 frilled lizards
  A kobold skeleton (D:5)
  2 rats (D:2)
  A foxfire (Swamp:3)
798 creatures vanquished.

Vanquished Creatures (others)
  A vault guard (D:13)
  A swamp worm (Swamp:2)
  3 foxfires (Swamp:3)
5 creatures vanquished.

Grand Total: 803 creatures vanquished

Notes
Turn   | Place    | Note
-------+----------+-------------------------------------------
     0 | D:1      | qw the Gargoyle Hunter began the quest for the Orb.
     0 | D:1      | Reached XP level 1. HP: 12/12 MP: 1/1
     0 | D:1      | 0 ||| qw: Version: 0.3-a-76-g4403597
     0 | D:1      | 0 ||| qw: Game counter: 1052
     0 | D:1      | 0 ||| qw: Melee chars always use a shield: true
     0 | D:1      | 0 ||| qw: God list: Okawaru
     0 | D:1      | 0 ||| qw: Allow faded altars: false
     0 | D:1      | 0 ||| qw: Do Orc after clearing Dungeon:15 true
     0 | D:1      | 0 ||| qw: Do second Lair branch before Depths: true
     0 | D:1      | 0 ||| qw: Lair rune preference: random
     0 | D:1      | 0 ||| qw: Goals: Normal
     0 | D:1      | 0 ||| PLANNING D:1-11
    45 | D:1      | Reached XP level 2. HP: 17/17 MP: 2/2
    96 | D:1      | 96 ||| Stepping ~*~*~tactically~*~*~ (outnumbered).
   143 | D:1      | Reached XP level 3. HP: 21/21 MP: 3/3
   217 | D:1      | Reached skill level 5 in Ranged Weapons
   421 | D:1      | Noticed a shining eye
   423 | D:1      | Found a faded altar of an unknown god.
   424 | D:1      | 424 ||| READING scroll labelled LILLURRAWECS.
   425 | D:1      | 425 ||| READING scroll labelled PAEBBE BUEWI.
   427 | D:1      | Noticed a golden eye
   427 | D:1      | Noticed a great orb of eyes
   427 | D:1      | Noticed a floating eye
   428 | D:1      | 428 ||| READING scroll labelled OMEYM EDADI.
   429 | D:1      | 429 ||| DROPPING scroll of butterflies.
   642 | D:1      | 642 ||| UPGRADING to +0 ring mail.
   652 | D:1      | 652 ||| DROPPING +0 leather armour.
   679 | D:2      | 679 ||| STAIRDANCE
   916 | D:2      | Reached skill level 1 in Armour
  1218 | D:2      | Reached skill level 3 in Fighting
  1218 | D:2      | Reached XP level 4. HP: 28/28 MP: 4/4
  1223 | D:2      | 1223 ||| SWAPPING to +0 orcbow of freezing.
  1224 | D:2      | 1224 ||| DROPPING +0 shortbow of flaming.
  1603 | D:2      | 1603 ||| DRINKING 2 amethyst potions.
  1730 | D:3      | Noticed Sigmund
  1741 | D:3      | 1741 ||| DRINKING potion of curing.
  1741 | D:3      | 1741 ||| (to cure confusion)
  1743 | D:3      | Killed Sigmund
  1744 | D:3      | Reached skill level 6 in Ranged Weapons
  1744 | D:3      | Reached XP level 5. HP: 32/32 MP: 5/5
  1744 | D:3      | Reached XP level 6. HP: 37/37 MP: 6/6
  1831 | D:3      | 1831 ||| Stepping ~*~*~tactically~*~*~ (outnumbered).
  1976 | D:3      | Noticed qw's ghost (amateur GrHu)
  2146 | D:3      | Found a transporter.
  2231 | D:3      | 2231 ||| UPGRADING to +5 ring of evasion.
  2232 | D:3      | 2232 ||| READING scroll labelled NAESEQ ITEL.
  2258 | D:3      | 2258 ||| READING 4 scrolls of identify.
  2258 | D:3      | 2258 ||| IDENTIFYING white potion
  2259 | D:3      | 2259 ||| READING 3 scrolls of identify.
  2259 | D:3      | 2259 ||| IDENTIFYING smoky green potion
  2260 | D:3      | 2260 ||| READING 2 scrolls of identify.
  2260 | D:3      | 2260 ||| IDENTIFYING blue potion
  2261 | D:3      | 2261 ||| DROPPING potion of magic.
  2283 | D:4      | 2283 ||| PLANNING SEWER
  2291 | D:4      | 2291 ||| RETREATING.
  2294 | D:4      | 2294 ||| Stepping ~*~*~tactically~*~*~ (retreating).
  2358 | D:4      | Found a staircase to the Ecumenical Temple.
  2669 | D:4      | Reached skill level 7 in Ranged Weapons
  2734 | D:4      | Reached XP level 7. HP: 36/43 MP: 7/7
  2787 | D:4      | Found a shadowy altar of Dithmenos.
  2787 | D:4      | Found a sparkling altar of Nemelex Xobeh.
  2892 | D:4      | Found a glowing drain.
  2898 | D:4      | 2898 ||| READING scroll labelled QIUTTOR PEAGG.
  2917 | Sewer    | Entered a sewer
  3016 | Sewer    | Identified the +3 demon blade "Woozxo Zyiq" {elec, rPois}
  3034 | Sewer    | 3034 ||| READING scroll labelled ASHOXICKEKIMOIPH.
  3043 | D:4      | 3043 ||| PLANNING TEMPLE
  3069 | Temple   | Entered the Ecumenical Temple
  3070 | Temple   | 3070 ||| PLANNING OKAWARU WORSHIP
  3074 | Temple   | Became a worshipper of Warmaster Okawaru
  3075 | Temple   | 3075 ||| PLANNING D:1-11
  3103 | D:5      | Entered Level 5 of the Dungeon
  3115 | D:5      | 3115 ||| Stepping ~*~*~tactically~*~*~ (retreating).
  3126 | D:5      | Reached skill level 8 in Ranged Weapons
  3298 | D:5      | Reached XP level 8. HP: 49/49 MP: 8/8
  3378 | D:5      | Reached * piety under Okawaru
  3384 | D:5      | 3384 ||| INVOKING Heroism.
  3514 | D:5      | Found a runed translucent door.
  3526 | D:5      | Found a basalt altar of Yredelemnul.
  3662 | D:5      | 3662 ||| READING 4 scrolls of identify.
  3662 | D:5      | 3662 ||| IDENTIFYING metallic silvery potion
  3663 | D:5      | 3663 ||| READING 3 scrolls of identify.
  3663 | D:5      | 3663 ||| IDENTIFYING smoky emerald potion
  3664 | D:5      | 3664 ||| READING 2 scrolls of identify.
  3664 | D:5      | 3664 ||| IDENTIFYING sedimented clear potion
  3665 | D:5      | 3665 ||| DROPPING potion of brilliance.
  3700 | D:6      | Reached skill level 9 in Ranged Weapons
  3700 | D:6      | Reached skill level 1 in Invocations
  3812 | D:6      | Found a runed translucent door.
  3812 | D:6      | Noticed qw's ghost (novice GrHu)
  3812 | D:6      | Noticed Maggie
  3826 | D:6      | Killed Maggie
  3827 | D:6      | Reached skill level 3 in Invocations
  3951 | D:6      | Noticed Dowan
  3952 | D:6      | 3952 ||| Stepping ~*~*~tactically~*~*~ (outnumbered).
  3953 | D:6      | 3953 ||| INVOKING Heroism.
  3958 | D:6      | Killed Dowan
  3959 | D:6      | Reached skill level 6 in Fighting
  3967 | D:6      | Noticed Duvessa
  3974 | D:6      | Killed Duvessa
  4008 | D:6      | 4008 ||| Stepping ~*~*~tactically~*~*~ (outnumbered).
  4012 | D:6      | 4012 ||| Stepping ~*~*~tactically~*~*~ (outnumbered).
  4020 | D:6      | Reached XP level 9. HP: 43/55 MP: 12/12
  4031 | D:6      | 4031 ||| INVOKING Heroism.
  4035 | D:6      | HP: 12/55 [centaur/arrow (2)]
  4036 | D:6      | 4036 ||| DRINKING potion of heal wounds.
  4057 | D:6      | Noticed Pikel
  4058 | D:6      | 4058 ||| INVOKING Heroism.
  4063 | D:6      | 4063 ||| Stepping ~*~*~tactically~*~*~ (retreating).
  4064 | D:6      | 4064 ||| RETREATING.
  4068 | D:6      | 4068 ||| Stepping ~*~*~tactically~*~*~ (retreating).
  4069 | D:6      | 4069 ||| Stepping ~*~*~tactically~*~*~ (retreating).
  4070 | D:6      | 4070 ||| Stepping ~*~*~tactically~*~*~ (retreating).
  4071 | D:6      | 4071 ||| Stepping ~*~*~tactically~*~*~ (retreating).
  4072 | D:6      | 4072 ||| Stepping ~*~*~tactically~*~*~ (retreating).
  4076 | D:6      | Killed Pikel
  4077 | D:6      | Reached skill level 10 in Ranged Weapons
  4190 | D:6      | 4190 ||| INVOKING Heroism.
  4471 | D:6      | 4471 ||| UPGRADING to +0 swamp dragon scales.
  4481 | D:6      | 4481 ||| DROPPING +0 ring mail.
  4482 | D:6      | 4482 ||| UPGRADING to +6 ring of strength.
  4483 | D:6      | 4483 ||| READING scroll labelled JYOFUVVOAKO.
  4484 | D:6      | 4484 ||| READING scroll labelled NEFIGI YSTUXZY.
  4539 | D:6      | 4539 ||| READING 2 scrolls of identify.
  4539 | D:6      | 4539 ||| IDENTIFYING coppery potion
  4540 | D:6      | 4540 ||| DROPPING potion of lignification.
  4611 | D:7      | 4611 ||| Stepping ~*~*~tactically~*~*~ (water).
  4620 | D:7      | Reached skill level 3 in Armour
  4764 | D:7      | 4764 ||| Stepping ~*~*~tactically~*~*~ (outnumbered).
  4776 | D:7      | Reached ** piety under Okawaru
  4777 | D:7      | Reached skill level 3 in Dodging
  4885 | D:7      | 4885 ||| INVOKING Heroism.
  4980 | D:7      | Identified the +0 leather armour of Omission {Dex+5}
  5092 | D:7      | 5092 ||| UPGRADING to +0 leather armour of Omission
                  | {Dex+5}.
  5102 | D:7      | 5102 ||| DROPPING +0 swamp dragon scales.
  5103 | D:7      | 5103 ||| UPGRADING to +0 pair of gloves.
  5108 | D:7      | 5108 ||| UPGRADING to +4 ring of protection.
  5110 | D:7      | 5110 ||| DROPPING ring of ice.
  5111 | D:7      | 5111 ||| DROPPING +6 ring of strength.
  5112 | D:7      | 5112 ||| READING scroll labelled ZEPENTULAO.
  5112 | D:7      | Identified a scroll of acquirement
  5112 | D:7      | 5112 ||| ACQUIRING +0 pair of gloves "Veoffe" {rF+++ Str-5
                  | Int+5 Dex-3}
  5112 | D:7      | Acquired the +0 pair of gloves "Veoffe" {rF+++ Str-5 Int+5
                  | Dex-3}
  5114 | D:7      | 5114 ||| UPGRADING to +0 pair of gloves "Veoffe" {rF+++
                  | Str-5 Int+5 Dex-3}.
  5124 | D:7      | 5124 ||| READING 2 scrolls labelled FENEPP URURU.
  5125 | D:7      | 5125 ||| DROPPING scroll of revelation.
  5362 | D:7      | Found Zaigh's Book Shop.
  5601 | D:8      | 5601 ||| INVOKING Heroism.
  5698 | D:8      | 5698 ||| Stepping ~*~*~tactically~*~*~ (outnumbered).
  5701 | D:8      | 5701 ||| INVOKING Heroism.
  5714 | D:8      | Reached skill level 11 in Ranged Weapons
  5859 | D:8      | 5859 ||| Stepping ~*~*~tactically~*~*~ (outnumbered).
  5866 | D:8      | Reached XP level 10. HP: 64/64 MP: 13/13
  5870 | D:8      | 5870 ||| INVOKING Heroism.
  5990 | D:8      | 5990 ||| INVOKING Heroism.
  5993 | D:8      | 5993 ||| Stepping ~*~*~tactically~*~*~ (outnumbered).
  5994 | D:8      | 5994 ||| Stepping ~*~*~tactically~*~*~ (outnumbered).
  5999 | D:8      | 5999 ||| Stepping ~*~*~tactically~*~*~ (outnumbered).
  6934 | D:8      | 6934 ||| DROPPING ring of see invisible.
  6935 | D:8      | 6935 ||| DRINKING 2 sedimented golden potions.
  6936 | D:8      | 6936 ||| DROPPING potion of degeneration.
  6959 | D:9      | 6959 ||| INVOKING Heroism.
  6963 | D:9      | 6963 ||| STAIRDANCE
  6989 | D:9      | 6989 ||| INVOKING Heroism.
  7065 | D:9      | Found a runed translucent gate.
  7076 | D:9      | 7076 ||| INVOKING Heroism.
  7089 | D:9      | Reached skill level 12 in Ranged Weapons
  7150 | D:9      | 7150 ||| Stepping ~*~*~tactically~*~*~ (outnumbered).
  7152 | D:9      | Found a staircase to the Lair.
  7153 | D:9      | 7153 ||| Stepping ~*~*~tactically~*~*~ (outnumbered).
  7155 | D:9      | 7155 ||| Stepping ~*~*~tactically~*~*~ (outnumbered).
  7164 | D:9      | 7164 ||| RETREATING.
  7193 | D:9      | 7193 ||| Stepping ~*~*~tactically~*~*~ (outnumbered).
  7200 | D:9      | 7200 ||| RETREATING.
  7207 | D:9      | 7207 ||| INVOKING Heroism.
  7215 | D:9      | 7215 ||| Stepping ~*~*~tactically~*~*~ (retreating).
  7216 | D:9      | 7216 ||| Stepping ~*~*~tactically~*~*~ (retreating).
  7217 | D:9      | 7217 ||| Stepping ~*~*~tactically~*~*~ (retreating).
  7218 | D:9      | 7218 ||| Stepping ~*~*~tactically~*~*~ (retreating).
  7242 | D:9      | 7242 ||| INVOKING Heroism.
  7272 | D:9      | 7272 ||| INVOKING Heroism.
  7349 | D:9      | 7349 ||| INVOKING Heroism.
  7611 | D:9      | Reached skill level 13 in Ranged Weapons
  7779 | D:9      | Found a runed translucent gate.
  7779 | D:9      | Found a runed translucent gate.
  7784 | D:9      | Noticed qw's ghost (novice DEHu)
  7790 | D:9      | Identified the +1 scimitar "Leptutoj" {heavy, rN+ SInv}
  7804 | D:9      | 7804 ||| PLANNING LAIR
  7804 | D:9      | 7804 ||| READING scroll labelled DEYNERH TEFO.
  7847 | Lair:1   | Entered Level 1 of the Lair of Beasts
  8051 | Lair:1   | 8051 ||| RETREATING.
  8079 | Lair:1   | Reached *** piety under Okawaru
  8080 | Lair:1   | Reached skill level 9 in Fighting
  8090 | Lair:1   | Reached XP level 11. HP: 54/71 MP: 14/14
  8173 | Lair:1   | 8173 ||| INVOKING Heroism.
  8210 | Lair:1   | Noticed a death yak
  8211 | Lair:1   | 8211 ||| INVOKING Heroism.
  8220 | Lair:1   | Noticed a death yak
  8222 | Lair:1   | Killed a death yak
  8230 | Lair:1   | Killed a death yak
  8230 | Lair:1   | Reached **** piety under Okawaru
  8231 | Lair:1   | Reached skill level 14 in Ranged Weapons
  8279 | Lair:1   | Noticed a death yak
  8279 | Lair:1   | Noticed a death yak
  8279 | Lair:1   | Noticed a death yak
  8280 | Lair:1   | 8280 ||| RETREATING.
  8280 | Lair:1   | Noticed a death yak
  8281 | Lair:1   | Noticed a death yak
  8281 | Lair:1   | Noticed a death yak
  8282 | Lair:1   | 8282 ||| INVOKING Heroism.
  8285 | Lair:1   | Noticed a death yak
  8287 | Lair:1   | Noticed a death yak
  8303 | Lair:1   | Killed a death yak
  8307 | Lair:1   | Killed a death yak
  8308 | Lair:1   | 8308 ||| INVOKING Heroism.
  8317 | Lair:1   | Killed a death yak
  8328 | Lair:1   | 8328 ||| INVOKING Heroism.
  8333 | Lair:1   | Killed a death yak
  8343 | Lair:1   | HP: 9/71 [death yak (14)]
  8344 | Lair:1   | 8344 ||| READING 6 scrolls of teleportation.
  8345 | Lair:1   | 8345 ||| DRINKING potion of heal wounds.
  8582 | Lair:1   | 8582 ||| INVOKING Heroism.
  8630 | Lair:1   | 8630 ||| INVOKING Heroism.
  8637 | Lair:1   | Reached skill level 6 in Invocations
  8699 | Lair:1   | Noticed a death yak
  8700 | Lair:1   | 8700 ||| INVOKING Heroism.
  8702 | Lair:1   | 8702 ||| RETREATING.
  8710 | Lair:1   | Killed a death yak
  8724 | Lair:1   | Killed a death yak
  8731 | Lair:1   | HP: 9/72 [death yak (13)]
  8732 | Lair:1   | 8732 ||| READING 5 scrolls of teleportation.
  9137 | Lair:1   | 9137 ||| RETREATING.
  9138 | Lair:1   | 9138 ||| INVOKING Heroism.
  9155 | Lair:1   | Killed a death yak
  9162 | Lair:1   | Killed a death yak
  9163 | Lair:1   | Reached XP level 12. HP: 44/77 MP: 17/17
  9165 | Lair:1   | Killed a death yak
  9165 | Lair:1   | Reached ***** piety under Okawaru
  9404 | Lair:1   | 9404 ||| READING 3 scrolls of identify.
  9404 | Lair:1   | 9404 ||| IDENTIFYING bubbling green potion
  9405 | Lair:1   | 9405 ||| READING 2 scrolls of identify.
  9405 | Lair:1   | 9405 ||| IDENTIFYING dark potion
  9406 | Lair:1   | 9406 ||| DROPPING potion of ambrosia.
  9431 | Lair:2   | Noticed a boulder beetle
  9432 | Lair:2   | 9432 ||| INVOKING Heroism.
  9449 | Lair:2   | Killed a boulder beetle
  9630 | Lair:2   | 9630 ||| INVOKING Heroism.
  9631 | Lair:2   | 9631 ||| RETREATING.
  9632 | Lair:2   | 9632 ||| Stepping ~*~*~tactically~*~*~ (retreating).
  9633 | Lair:2   | 9633 ||| Stepping ~*~*~tactically~*~*~ (retreating).
  9634 | Lair:2   | 9634 ||| Stepping ~*~*~tactically~*~*~ (retreating).
  9635 | Lair:2   | 9635 ||| Stepping ~*~*~tactically~*~*~ (retreating).
  9636 | Lair:2   | 9636 ||| Stepping ~*~*~tactically~*~*~ (retreating).
  9644 | Lair:2   | 9644 ||| Stepping ~*~*~tactically~*~*~ (retreating).
  9646 | Lair:2   | 9646 ||| Stepping ~*~*~tactically~*~*~ (retreating).
  9649 | Lair:2   | 9649 ||| Stepping ~*~*~tactically~*~*~ (retreating).
  9652 | Lair:2   | 9652 ||| RETREATING.
  9745 | Lair:2   | Found a staircase to the Swamp.
  9832 | Lair:2   | Noticed a death yak
  9834 | Lair:2   | 9834 ||| INVOKING Heroism.
  9835 | Lair:2   | Noticed a death yak
  9836 | Lair:2   | 9836 ||| INVOKING Finesse.
  9836 | Lair:2   | Noticed a death yak
  9837 | Lair:2   | 9837 ||| RETREATING.
  9849 | Lair:2   | Killed a death yak
  9853 | Lair:2   | Noticed a death yak
  9869 | Lair:2   | Killed a death yak
  9870 | Lair:2   | Reached skill level 9 in Invocations
  9875 | Lair:2   | Killed a death yak
  9876 | Lair:2   | Reached skill level 15 in Ranged Weapons
  9891 | Lair:2   | Killed a death yak
 10047 | Lair:2   | 10047 ||| INVOKING Heroism.
 10048 | Lair:2   | 10048 ||| INVOKING Finesse.
 10049 | Lair:2   | 10049 ||| DROPPING +2 ring mail of willpower.
 10052 | Lair:2   | 10052 ||| Stepping ~*~*~tactically~*~*~ (outnumbered).
 10053 | Lair:2   | 10053 ||| Stepping ~*~*~tactically~*~*~ (outnumbered).
 10059 | Lair:2   | 10059 ||| RETREATING.
 10066 | Lair:2   | 10066 ||| Stepping ~*~*~tactically~*~*~ (retreating).
 10067 | Lair:2   | 10067 ||| Stepping ~*~*~tactically~*~*~ (retreating).
 10068 | Lair:2   | 10068 ||| Stepping ~*~*~tactically~*~*~ (retreating).
 10069 | Lair:2   | 10069 ||| Stepping ~*~*~tactically~*~*~ (retreating).
 10070 | Lair:2   | 10070 ||| Stepping ~*~*~tactically~*~*~ (retreating).
 10071 | Lair:2   | 10071 ||| Stepping ~*~*~tactically~*~*~ (retreating).
 10083 | Lair:2   | 10083 ||| INVOKING Heroism.
 10090 | Lair:2   | 10090 ||| Stepping ~*~*~tactically~*~*~ (retreating).
 10092 | Lair:2   | 10092 ||| Stepping ~*~*~tactically~*~*~ (retreating).
 10093 | Lair:2   | 10093 ||| Stepping ~*~*~tactically~*~*~ (retreating).
 10133 | Lair:2   | 10133 ||| FLEEEEING.
 10134 | Lair:2   | 10134 ||| FLEEEEING.
 10135 | Lair:2   | 10135 ||| FLEEEEING.
 10136 | Lair:2   | 10136 ||| FLEEEEING.
 10137 | Lair:2   | 10137 ||| FLEEEEING.
 10138 | Lair:2   | 10138 ||| FLEEEEING.
 10139 | Lair:2   | 10139 ||| FLEEEEING.
 10140 | Lair:2   | 10140 ||| INVOKING Heroism.
 10300 | Lair:2   | 10300 ||| RETREATING.
 10313 | Lair:2   | 10313 ||| RETREATING.
 10580 | Lair:2   | 10580 ||| READING scroll of acquirement.
 10580 | Lair:2   | 10580 ||| ACQUIRING ring "Zutatin" {rPois rF+ rN+ Will+
                  | SInv}
 10580 | Lair:2   | Acquired the ring "Zutatin" {rPois rF+ rN+ Will+ SInv}
 10582 | Lair:2   | 10582 ||| UPGRADING to ring "Zutatin" {rPois rF+ rN+ Will+
                  | SInv}.
 10611 | Lair:2   | 10611 ||| INVOKING Heroism.
 10612 | Lair:2   | 10612 ||| INVOKING Finesse.
 10669 | Lair:2   | Reached skill level 16 in Ranged Weapons
 10677 | Lair:2   | Reached XP level 13. HP: 72/82 MP: 20/20
 10864 | Lair:2   | 10864 ||| UPGRADING to +0 pair of gloves.
 10874 | Lair:2   | 10874 ||| DROPPING ring of protection from cold.
 10875 | Lair:2   | 10875 ||| UPGRADING to +5 ring of evasion.
 10917 | Lair:3   | 10917 ||| STAIRDANCE
 10926 | Lair:3   | 10926 ||| STAIRDANCE
 10937 | Lair:2   | 10937 ||| INVOKING Heroism.
 11038 | Lair:3   | 11038 ||| STAIRDANCE
 11049 | Lair:3   | 11049 ||| STAIRDANCE
 11051 | Lair:2   | 11051 ||| INVOKING Heroism.
 11052 | Lair:2   | 11052 ||| INVOKING Finesse.
 11060 | Lair:2   | Reached skill level 6 in Dodging
 11168 | Lair:3   | 11168 ||| STAIRDANCE
 11213 | Lair:3   | 11213 ||| STAIRDANCE
 11221 | Lair:3   | 11221 ||| STAIRDANCE
 11274 | Lair:3   | 11274 ||| Stepping ~*~*~tactically~*~*~ (outnumbered).
 11284 | Lair:3   | 11284 ||| Stepping ~*~*~tactically~*~*~ (outnumbered).
 11286 | Lair:3   | 11286 ||| Stepping ~*~*~tactically~*~*~ (outnumbered).
 11292 | Lair:3   | Found a staircase to the Snake Pit.
 11356 | Lair:3   | Noticed Urug
 11357 | Lair:3   | 11357 ||| INVOKING Heroism.
 11358 | Lair:3   | 11358 ||| RETREATING.
 11360 | Lair:3   | 11360 ||| INVOKING Finesse.
 11373 | Lair:3   | Killed Urug
 11499 | Lair:3   | Found a transporter.
 11597 | Lair:3   | 11597 ||| INVOKING Heroism.
 11637 | Lair:3   | 11637 ||| RETREATING.
 11648 | Lair:3   | 11648 ||| INVOKING Heroism.
 11762 | Lair:3   | Found a transporter.
 11984 | Lair:3   | Found a one-way gate to the infinite horrors of the Abyss.
 12001 | Lair:3   | Noticed qw's ghost (journeyman GrHu)
 12139 | Lair:4   | 12139 ||| INVOKING Heroism.
 12223 | Lair:4   | 12223 ||| RETREATING.
 12230 | Lair:4   | 12230 ||| Stepping ~*~*~tactically~*~*~ (retreating).
 12231 | Lair:4   | 12231 ||| Stepping ~*~*~tactically~*~*~ (retreating).
 12271 | Lair:4   | 12271 ||| RETREATING.
 12280 | Lair:4   | Reached skill level 12 in Fighting
 12281 | Lair:4   | 12281 ||| Stepping ~*~*~tactically~*~*~ (water).
 12315 | Lair:4   | 12315 ||| INVOKING Heroism.
 12492 | Lair:4   | 12492 ||| DRINKING 2 puce potions.
 12493 | Lair:4   | 12493 ||| DROPPING potion of invisibility.
 12509 | Lair:4   | 12509 ||| INVOKING Heroism.
 13210 | Lair:4   | 13210 ||| READING 2 scrolls labelled QEFABLU AQIO.
 13211 | Lair:4   | 13211 ||| READING scroll of enchant weapon.
 13211 | Lair:4   | 13211 ||| ENCHANTING +1 orcbow of freezing.
 13231 | Lair:5   | Entered Level 5 of the Lair of Beasts
 13232 | Lair:5   | 13232 ||| PLANNING GAUNTLET
 13317 | Lair:5   | 13317 ||| RETREATING.
 13373 | Lair:5   | Found a runed translucent door.
 13374 | Lair:5   | 13374 ||| INVOKING Heroism.
 13387 | Lair:5   | Found a viscous altar of Jiyva.
 13398 | Lair:5   | 13398 ||| RETREATING.
 13439 | Lair:5   | 13439 ||| RETREATING.
 13463 | Lair:5   | Noticed Josephine
 13464 | Lair:5   | 13464 ||| RETREATING.
 13477 | Lair:5   | Killed Josephine
 13477 | Lair:5   | Identified the +3 scimitar "Icotz" {drain, *Noise rElec rN+
                  | Will++ Dex+3} (Okawaru gifted it to you on level 5 of the
                  | Lair of Beasts)
 13477 | Lair:5   | Received a gift from Okawaru
 13478 | Lair:5   | 13478 ||| INVOKING Heroism.
 13515 | Lair:5   | 13515 ||| Stepping ~*~*~tactically~*~*~ (retreating).
 13516 | Lair:5   | 13516 ||| Stepping ~*~*~tactically~*~*~ (retreating).
 13517 | Lair:5   | 13517 ||| Stepping ~*~*~tactically~*~*~ (retreating).
 13518 | Lair:5   | 13518 ||| Stepping ~*~*~tactically~*~*~ (retreating).
 13519 | Lair:5   | 13519 ||| RETREATING.
 13520 | Lair:5   | 13520 ||| Stepping ~*~*~tactically~*~*~ (retreating).
 13525 | Lair:5   | Gained mutation: Your large and strong wings let you fly.
                  | [Gargoyle growth]
 13525 | Lair:5   | Reached XP level 14. HP: 52/94 MP: 21/21
 13538 | Lair:5   | 13538 ||| INVOKING Heroism.
 13744 | Lair:5   | Found a gate leading to a gauntlet.
 13753 | Gauntlet | Entered a Gauntlet
 13753 | Gauntlet | Found a transporter.
 13753 | Gauntlet | Found a transporter.
 13754 | Gauntlet | Found a transporter.
 13754 | Gauntlet | Found a transporter.
 13757 | Gauntlet | Found a transporter.
 13757 | Gauntlet | Found a transporter.
 13767 | Gauntlet | Found a transporter.
 13771 | Gauntlet | Found a transporter.
 13773 | Gauntlet | Found a large runed translucent door.
 13774 | Gauntlet | Found a large runed translucent door.
 13775 | Gauntlet | Found a large runed translucent door.
 13775 | Gauntlet | Found a large runed translucent door.
 13775 | Gauntlet | Found a runed translucent door.
 13776 | Gauntlet | Found a large runed translucent door.
 13777 | Gauntlet | Found a large runed translucent door.
 13778 | Gauntlet | Found a large runed translucent door.
 13778 | Gauntlet | Found a large runed translucent door.
 13779 | Gauntlet | Found a runed translucent gate.
 13781 | Gauntlet | Found a transporter.
 13886 | Gauntlet | Found a transporter.
 13890 | Gauntlet | Found a transporter.
 13892 | Gauntlet | Found a large runed translucent door.
 13893 | Gauntlet | Found a large runed translucent door.
 13894 | Gauntlet | Found a large runed translucent door.
 13894 | Gauntlet | Found a large runed translucent door.
 13894 | Gauntlet | Found a runed translucent door.
 13895 | Gauntlet | Found a large runed translucent door.
 13896 | Gauntlet | Found a large runed translucent door.
 13897 | Gauntlet | Found a large runed translucent door.
 13897 | Gauntlet | Found a large runed translucent door.
 13898 | Gauntlet | Found a runed translucent gate.
 13898 | Gauntlet | Found a runed translucent gate.
 13900 | Gauntlet | Found a transporter.
 13987 | Gauntlet | 13987 ||| UPGRADING to +0 cloak.
 14107 | Gauntlet | 14107 ||| RETREATING.
 14108 | Gauntlet | 14108 ||| Stepping ~*~*~tactically~*~*~ (retreating).
 14109 | Gauntlet | 14109 ||| Stepping ~*~*~tactically~*~*~ (retreating).
 14110 | Gauntlet | 14110 ||| INVOKING Heroism.
 14117 | Gauntlet | 14117 ||| Stepping ~*~*~tactically~*~*~ (retreating).
 14118 | Gauntlet | 14118 ||| Stepping ~*~*~tactically~*~*~ (retreating).
 14119 | Gauntlet | 14119 ||| Stepping ~*~*~tactically~*~*~ (retreating).
 14129 | Gauntlet | 14129 ||| INVOKING Finesse.
 14285 | Gauntlet | 14285 ||| DROPPING ring of resist corrosion.
 14299 | Gauntlet | 14299 ||| INVOKING Heroism.
 14300 | Gauntlet | 14300 ||| INVOKING Finesse.
 14321 | Gauntlet | Reached skill level 9 in Dodging
 14433 | Gauntlet | Identified the staff of Fury {rElec rF+ Int+9 Dex-3 Fire
                  | Poison}
 14435 | Gauntlet | 14435 ||| READING scroll of enchant weapon.
 14435 | Gauntlet | 14435 ||| ENCHANTING +2 orcbow of freezing.
 14525 | Lair:5   | 14525 ||| PLANNING LAIR
 14630 | Lair:5   | 14630 ||| INVOKING Heroism.
 14651 | Lair:5   | 14651 ||| Stepping ~*~*~tactically~*~*~ (retreating).
 14671 | Lair:5   | 14671 ||| RETREATING.
 14672 | Lair:5   | 14672 ||| INVOKING Finesse.
 14680 | Lair:5   | 14680 ||| INVOKING Heroism.
 14744 | Lair:5   | 14744 ||| RETREATING.
 14763 | Lair:5   | 14763 ||| RETREATING.
 14765 | Lair:5   | 14765 ||| Stepping ~*~*~tactically~*~*~ (retreating).
 14770 | Lair:5   | 14770 ||| INVOKING Heroism.
 14876 | Lair:5   | 14876 ||| INVOKING Heroism.
 14900 | Lair:5   | 14900 ||| INVOKING Heroism.
 15214 | Lair:5   | Found a staircase to the Slime Pits.
 15354 | Lair:5   | 15354 ||| INVOKING Heroism.
 15457 | Lair:5   | 15457 ||| INVOKING Heroism.
 15599 | Lair:5   | Found a runed translucent door.
 15601 | Lair:5   | 15601 ||| INVOKING Heroism.
 15630 | Lair:5   | Identified the +1 ring mail of Ninaatel {rF++ rCorr}
 15631 | Lair:5   | 15631 ||| UPGRADING to +0 helmet.
 15644 | Lair:5   | 15644 ||| RETREATING.
 15649 | Lair:5   | 15649 ||| RETREATING.
 15651 | Lair:5   | 15651 ||| Stepping ~*~*~tactically~*~*~ (retreating).
 15653 | Lair:5   | 15653 ||| INVOKING Heroism.
 15671 | Lair:5   | HP: 23/96 [tyrant leech (25)]
 15672 | Lair:5   | 15672 ||| READING 6 scrolls of teleportation.
 15673 | Lair:5   | 15673 ||| DRINKING 3 potions of heal wounds.
 16036 | Lair:5   | 16036 ||| RETREATING.
 16044 | Lair:5   | 16044 ||| Stepping ~*~*~tactically~*~*~ (retreating).
 16059 | Lair:5   | Reached skill level 6 in Armour
 16067 | Lair:5   | 16067 ||| INVOKING Heroism.
 16090 | Lair:5   | Reached skill level 15 in Fighting
 16155 | Lair:5   | 16155 ||| FLEEEEING.
 16156 | Lair:5   | 16156 ||| FLEEEEING.
 16159 | Lair:5   | 16159 ||| RETREATING.
 16163 | Lair:5   | 16163 ||| INVOKING Heroism.
 16381 | Lair:5   | 16381 ||| PLANNING D:1-11
 16381 | Lair:5   | 16381 ||| READING scroll labelled ZEAGEATHIR.
 16382 | Lair:5   | 16382 ||| READING scroll labelled XYKU UDAERRYHE.
 16383 | Lair:5   | 16383 ||| READING 6 scrolls of identify.
 16383 | Lair:5   | 16383 ||| IDENTIFYING sedimented orange potion
 16478 | D:10     | Entered Level 10 of the Dungeon
 16478 | D:10     | Found Voar's Jewellery Emporium.
 16482 | D:10     | 16482 ||| BUYING +5 ring of evasion (468 gold).
 16482 | D:10     | Bought a +5 ring of evasion for 468 gold pieces
 16482 | D:10     | 16482 ||| BUYING +6 ring of dexterity (468 gold).
 16482 | D:10     | Bought a +6 ring of dexterity for 468 gold pieces
 16482 | D:10     | 16482 ||| SHOPLISTING +6 ring of dexterity (468 gold, have
                  | 36).
 16482 | D:10     | 16482 ||| SHOPLISTING amulet of the acrobat (390 gold, have
                  | 36).
 16520 | D:10     | Found Kekk's Armour Shoppe.
 16521 | D:10     | Found Vetuvugh's Weapon Boutique.
 16548 | D:10     | Identified the +1 ring mail of the Dwarven Hall {rF- rCorr
                  | Str+7}
 16614 | D:10     | 16614 ||| READING scroll of brand weapon.
 16614 | D:10     | 16614 ||| BRANDING +3 orcbow of freezing.
 16700 | D:10     | Found a staircase to the Orcish Mines.
 16701 | D:10     | 16701 ||| Stepping ~*~*~tactically~*~*~ (retreating).
 16702 | D:10     | 16702 ||| Stepping ~*~*~tactically~*~*~ (retreating).
 16722 | D:10     | 16722 ||| INVOKING Heroism.
 16780 | D:10     | 16780 ||| SWAPPING to +0 arbalest.
 16781 | D:10     | 16781 ||| DROPPING +3 orcbow of chaos.
 16802 | D:10     | Found Uttaip's Book Boutique.
 16850 | D:10     | 16850 ||| Stepping ~*~*~tactically~*~*~ (retreating).
 16861 | D:10     | 16861 ||| INVOKING Heroism.
 17211 | D:10     | 17211 ||| DROPPING +1 ring mail of the Dwarven Hall {rF-
                  | rCorr Str+7}.
 17212 | D:10     | 17212 ||| DROPPING +4 ring of protection.
 17213 | D:10     | 17213 ||| DROPPING +5 ring of evasion.
 17214 | D:10     | 17214 ||| UPGRADING to +6 ring of dexterity.
 17216 | D:10     | 17216 ||| READING 6 scrolls of identify.
 17216 | D:10     | 17216 ||| IDENTIFYING emerald potion
 17217 | D:10     | 17217 ||| DROPPING potion of attraction.
 17280 | D:11     | 17280 ||| Stepping ~*~*~tactically~*~*~ (outnumbered).
 17281 | D:11     | 17281 ||| Stepping ~*~*~tactically~*~*~ (outnumbered).
 17283 | D:11     | 17283 ||| Stepping ~*~*~tactically~*~*~ (outnumbered).
 18098 | D:11     | 18098 ||| PLANNING D
 18098 | D:11     | 18098 ||| DROPPING +6 ring of intelligence.
 18099 | D:11     | 18099 ||| READING scroll labelled BOSTRY DURI.
 18200 | D:11     | 18200 ||| READING scroll labelled VAG EDINIEZA.
 18225 | D:12     | 18225 ||| INVOKING Heroism.
 18230 | D:12     | Reached XP level 15. HP: 103/103 MP: 19/22
 18306 | D:12     | 18306 ||| READING scroll of enchant armour.
 18306 | D:12     | 18306 ||| ENCHANTING +0 pair of gloves.
 18368 | D:12     | 18368 ||| READING scroll of enchant armour.
 18368 | D:12     | 18368 ||| ENCHANTING +1 pair of gloves.
 18680 | D:12     | 18680 ||| UPGRADING to amulet of the acrobat.
 18685 | D:12     | 18685 ||| DROPPING ring of positive energy.
 18746 | D:13     | Reached skill level 17 in Ranged Weapons
 18859 | D:13     | Found the +0 mask of the Dragon {Will+ Slay+3 SInv}
 18929 | D:13     | Noticed Nessos
 18930 | D:13     | 18930 ||| INVOKING Finesse.
 18935 | D:13     | Killed Nessos
 18969 | D:13     | 18969 ||| SWAPPING to +1 longbow of flaming.
 18970 | D:13     | 18970 ||| DROPPING +0 arbalest.
 18986 | D:13     | Received a gift from Okawaru
 18988 | D:13     | 18988 ||| SWAPPING to +2 heavy triple crossbow.
 18989 | D:13     | 18989 ||| DROPPING +1 longbow of flaming.
 19090 | D:13     | 19090 ||| INVOKING Heroism.
 19193 | D:13     | Found Woterch's General Store.
 19202 | D:13     | 19202 ||| BUYING scroll of enchant armour (105 gold).
 19202 | D:13     | Bought a scroll of enchant armour for 105 gold pieces
 19202 | D:13     | 19202 ||| BUYING scroll of identify (28 gold).
 19202 | D:13     | Bought a scroll of identify for 28 gold pieces
 19202 | D:13     | 19202 ||| READING scroll of enchant armour.
 19202 | D:13     | 19202 ||| ENCHANTING +0 helmet.
 19340 | D:13     | Found a sparkling altar of Nemelex Xobeh.
 19506 | D:13     | 19506 ||| RETREATING.
 19511 | D:13     | 19511 ||| Stepping ~*~*~tactically~*~*~ (retreating).
 19513 | D:13     | 19513 ||| Stepping ~*~*~tactically~*~*~ (retreating).
 19559 | D:13     | Identified the +7 arbalest "Deras" {penet, rC+ Int+3 SInv}
 19567 | D:13     | Reached skill level 18 in Ranged Weapons
 19568 | D:13     | 19568 ||| INVOKING Heroism.
 19707 | D:13     | Found a gate to the Vaults.
 19743 | D:13     | 19743 ||| UPGRADING to +0 mask of the Dragon {Will+ Slay+3
                  | SInv}.
 19753 | D:13     | 19753 ||| DROPPING +1 helmet.
 19814 | D:14     | Found Muiq's Antique Armour Shop.
 19823 | D:14     | 19823 ||| BUYING embroidered robe (118 gold).
 19823 | D:14     | Bought an embroidered robe for 118 gold pieces
 19823 | D:14     | 19823 ||| BUYING glowing robe (118 gold).
 19823 | D:14     | Bought a glowing robe for 118 gold pieces
 19823 | D:14     | 19823 ||| SHOPLISTING pair of embroidered gloves (240 gold,
                  | have 22).
 19967 | D:14     | Noticed Roxanne
 19968 | D:14     | 19968 ||| INVOKING Heroism.
 19969 | D:14     | 19969 ||| INVOKING Finesse.
 19970 | D:14     | 19970 ||| INVOKING Finesse.
 19976 | D:14     | Killed Roxanne
 20214 | D:14     | Received a gift from Okawaru
 20278 | D:14     | 20278 ||| INVOKING Heroism.
 20573 | D:14     | 20573 ||| DROPPING +2 robe.
 20574 | D:14     | 20574 ||| DROPPING +1 robe of willpower.
 20575 | D:14     | 20575 ||| UPGRADING to +0 pair of boots.
 20580 | D:14     | 20580 ||| DROPPING +2 leather armour of positive energy.
 20619 | D:15     | Entered Level 15 of the Dungeon
 20644 | D:15     | 20644 ||| READING scroll of enchant armour.
 20644 | D:15     | 20644 ||| ENCHANTING +0 pair of boots.
 20664 | D:15     | Found a staircase to the Depths.
 20666 | D:15     | 20666 ||| INVOKING Heroism.
 20718 | D:15     | Found a shimmering blue altar of Sif Muna.
 20760 | D:15     | 20760 ||| Stepping ~*~*~tactically~*~*~ (outnumbered).
 20765 | D:15     | 20765 ||| INVOKING Heroism.
 20770 | D:15     | Reached skill level 19 in Ranged Weapons
 20771 | D:15     | Received a gift from Okawaru
 20835 | D:15     | 20835 ||| READING scroll of enchant armour.
 20835 | D:15     | 20835 ||| ENCHANTING +1 pair of boots.
 20845 | D:15     | Noticed Agnes
 20846 | D:15     | 20846 ||| INVOKING Heroism.
 20847 | D:15     | 20847 ||| RETREATING.
 20848 | D:15     | 20848 ||| INVOKING Finesse.
 20850 | D:15     | 20850 ||| Stepping ~*~*~tactically~*~*~ (retreating).
 20851 | D:15     | 20851 ||| Stepping ~*~*~tactically~*~*~ (retreating).
 20852 | D:15     | 20852 ||| Stepping ~*~*~tactically~*~*~ (retreating).
 20853 | D:15     | 20853 ||| Stepping ~*~*~tactically~*~*~ (retreating).
 20856 | D:15     | 20856 ||| Stepping ~*~*~tactically~*~*~ (retreating).
 20857 | D:15     | 20857 ||| Stepping ~*~*~tactically~*~*~ (retreating).
 20859 | D:15     | Killed Agnes
 20940 | D:15     | Noticed Azrael
 20941 | D:15     | 20941 ||| INVOKING Heroism.
 20942 | D:15     | 20942 ||| INVOKING Finesse.
 20943 | D:15     | Killed Azrael
 21163 | D:15     | Noticed Louise
 21164 | D:15     | 21164 ||| INVOKING Heroism.
 21168 | D:15     | Killed Louise
 21271 | D:15     | 21271 ||| PLANNING ORC
 21271 | D:15     | 21271 ||| DROPPING ring of fire.
 21364 | Orc:1    | Entered Level 1 of the Orcish Mines
 21367 | Orc:1    | 21367 ||| STAIRDANCE
 21376 | Orc:1    | 21376 ||| STAIRDANCE
 21433 | Orc:1    | You are sucked into a shaft and drop 1 floor!
 21433 | Orc:2    | Entered Level 2 of the Orcish Mines
 21433 | Orc:2    | Found Hairoip's Distillery.
 21450 | Orc:2    | 21450 ||| BUYING 2 potions of enlightenment (100 gold).
 21450 | Orc:2    | Bought 2 potions of enlightenment for 100 gold pieces
 21450 | Orc:2    | 21450 ||| BUYING potion of cancellation (80 gold).
 21450 | Orc:2    | Bought a potion of cancellation for 80 gold pieces
 21450 | Orc:2    | 21450 ||| SHOPLISTING potion of curing (30 gold, have 4).
 21450 | Orc:2    | 21450 ||| SHOPLISTING potion of haste (100 gold, have 4).
 21450 | Orc:2    | 21450 ||| SHOPLISTING potion of heal wounds (50 gold, have
                  | 4).
 21450 | Orc:2    | 21450 ||| SHOPLISTING potion of might (40 gold, have 4).
 21468 | Orc:2    | Found Zatybell's Jewellery Shoppe.
 21477 | Orc:2    | 21477 ||| SHOPLISTING amulet of regeneration (450 gold,
                  | have 76).
 21510 | Orc:2    | Reached XP level 16. HP: 108/108 MP: 23/23
 21760 | Orc:1    | Found Edask's Armour Shoppe.
 21803 | Orc:2    | Found Huant's General Store.
 21809 | Orc:2    | Found Cettaehe's Weapon Shop.
 21909 | Orc:2    | 21909 ||| BUYING potion of mutation (112 gold).
 21909 | Orc:2    | Bought a potion of mutation for 112 gold pieces
 22005 | Orc:2    | Found a staircase to the Elven Halls.
 22113 | Orc:2    | 22113 ||| Stepping ~*~*~tactically~*~*~ (outnumbered).
 22117 | Orc:2    | 22117 ||| INVOKING Heroism.
 22139 | Orc:2    | 22139 ||| INVOKING Heroism.
 22141 | Orc:2    | 22141 ||| Stepping ~*~*~tactically~*~*~ (retreating).
 22142 | Orc:2    | 22142 ||| Stepping ~*~*~tactically~*~*~ (retreating).
 22143 | Orc:2    | 22143 ||| Stepping ~*~*~tactically~*~*~ (retreating).
 22144 | Orc:2    | 22144 ||| Stepping ~*~*~tactically~*~*~ (retreating).
 22148 | Orc:2    | 22148 ||| Stepping ~*~*~tactically~*~*~ (retreating).
 22149 | Orc:2    | 22149 ||| Stepping ~*~*~tactically~*~*~ (retreating).
 22152 | Orc:2    | 22152 ||| Stepping ~*~*~tactically~*~*~ (outnumbered).
 22155 | Orc:2    | 22155 ||| RETREATING.
 22196 | Orc:2    | 22196 ||| INVOKING Heroism.
 22210 | Orc:2    | 22210 ||| RETREATING.
 22212 | Orc:2    | 22212 ||| Stepping ~*~*~tactically~*~*~ (retreating).
 22213 | Orc:2    | 22213 ||| Stepping ~*~*~tactically~*~*~ (retreating).
 22214 | Orc:2    | 22214 ||| Stepping ~*~*~tactically~*~*~ (retreating).
 22215 | Orc:2    | 22215 ||| Stepping ~*~*~tactically~*~*~ (retreating).
 22216 | Orc:2    | 22216 ||| Stepping ~*~*~tactically~*~*~ (retreating).
 22219 | Orc:2    | 22219 ||| Stepping ~*~*~tactically~*~*~ (retreating).
 22220 | Orc:2    | 22220 ||| Stepping ~*~*~tactically~*~*~ (retreating).
 22228 | Orc:2    | 22228 ||| INVOKING Heroism.
 22330 | Orc:2    | 22330 ||| Stepping ~*~*~tactically~*~*~ (outnumbered).
 22331 | Orc:2    | 22331 ||| Stepping ~*~*~tactically~*~*~ (outnumbered).
 22333 | Orc:2    | 22333 ||| FLEEEEING.
 22335 | Orc:2    | 22335 ||| Stepping ~*~*~tactically~*~*~ (outnumbered).
 22410 | Orc:2    | 22410 ||| INVOKING Heroism.
 22472 | Orc:2    | Found Dimam's General Store.
 22473 | Orc:2    | Found Usibaech's Jewellery Shoppe.
 22475 | Orc:2    | Found Unohico's Antique Armour Shoppe.
 22475 | Orc:2    | Found Fuklec's Antique Weapon Emporium.
 22489 | Orc:2    | 22489 ||| BUYING potion of magic (104 gold).
 22489 | Orc:2    | Bought a potion of magic for 104 gold pieces
 22489 | Orc:2    | 22489 ||| BUYING potion of mutation (104 gold).
 22489 | Orc:2    | Bought a potion of mutation for 104 gold pieces
 22491 | Orc:2    | 22491 ||| SHOPLISTING +6 ring of dexterity (540 gold, have
                  | 175).
 22491 | Orc:2    | 22491 ||| SHOPLISTING amulet of faith (600 gold, have 175).
 22491 | Orc:2    | 22491 ||| SHOPLISTING amulet of reflection (450 gold, have
                  | 175).
 22530 | Orc:2    | 22530 ||| INVOKING Heroism.
 22585 | Orc:2    | 22585 ||| PLANNING SWAMP:1-3
 22708 | Swamp:1  | Entered Level 1 of the Swamp
 22763 | Swamp:1  | Noticed a tentacled monstrosity
 22764 | Swamp:1  | 22764 ||| INVOKING Heroism.
 22768 | Swamp:1  | Killed a tentacled monstrosity
 22769 | Swamp:1  | Reached skill level 20 in Ranged Weapons
 23053 | Swamp:1  | Found a runed translucent gate.
 23053 | Swamp:1  | Found a runed translucent gate.
 23053 | Swamp:1  | Found a runed translucent gate.
 23054 | Swamp:1  | Noticed contendunt's ghost (adept MiFi)
 23054 | Swamp:1  | Noticed qw's ghost (adept GrHu)
 23055 | Swamp:1  | Noticed popps's ghost (adept MiBe)
 23055 | Swamp:1  | Noticed Keoguots's ghost (adept GnSk)
 23235 | Swamp:2  | 23235 ||| INVOKING Heroism.
 23260 | Swamp:2  | 23260 ||| RETREATING.
 23263 | Swamp:2  | 23263 ||| Stepping ~*~*~tactically~*~*~ (retreating).
 23290 | Swamp:2  | 23290 ||| INVOKING Heroism.
 23312 | Swamp:2  | Found an ornate altar of the Wu Jian Council.
 23456 | Swamp:2  | 23456 ||| INVOKING Heroism.
 23535 | Swamp:2  | Reached skill level 21 in Ranged Weapons
 23652 | Swamp:2  | 23652 ||| INVOKING Heroism.
 23710 | Swamp:2  | 23710 ||| DRINKING 2 metallic inky potions.
 23815 | Swamp:2  | 23815 ||| DROPPING potion of berserk rage.
 23831 | Swamp:3  | Noticed a thorn hunter
 23832 | Swamp:3  | 23832 ||| INVOKING Heroism.
 23835 | Swamp:3  | Killed a thorn hunter
 23978 | Swamp:3  | 23978 ||| INVOKING Heroism.
 24117 | Swamp:3  | 24117 ||| INVOKING Heroism.
 24354 | Swamp:3  | 24354 ||| PLANNING SNAKE:1-3
 24439 | Snake:1  | Entered Level 1 of the Snake Pit
 24517 | Snake:1  | Found Mibruem's Weapon Shop.
 24565 | Snake:1  | 24565 ||| Stepping ~*~*~tactically~*~*~ (outnumbered).
 24567 | Snake:1  | 24567 ||| Stepping ~*~*~tactically~*~*~ (outnumbered).
 24569 | Snake:1  | 24569 ||| Stepping ~*~*~tactically~*~*~ (outnumbered).
 24571 | Snake:1  | 24571 ||| INVOKING Heroism.
 24576 | Snake:1  | Reached XP level 17. HP: 113/113 MP: 22/24
 24951 | Snake:1  | 24951 ||| UPGRADING to scarf of repulsion.
 24988 | Snake:2  | Found a runed translucent door.
 24991 | Snake:2  | Noticed qw's ghost (adept GrHu)
 25036 | Snake:2  | 25036 ||| Stepping ~*~*~tactically~*~*~ (retreating).
 25040 | Snake:2  | 25040 ||| INVOKING Heroism.
 25044 | Snake:2  | HP: 27/113 [naga/+4 war axe (25)]
 25045 | Snake:2  | 25045 ||| READING 11 scrolls of teleportation.
 25045 | Snake:2  | Slain by a naga

Levels and vault maps discovered:
D:1:      sevenhm_arrival_forest_fort_small_3, layout_basic,
          hellmonk_ecumenical_altar_watching_god
D:2:      layout_basic, corexii_shack
D:3:      layout_loops_cross, gammafunk_ghost_smash, uniq_sigmund
D:4:      layout_basic, nicolae_overflow_two_pavilions,
          minmay_temple_entry_trees, cheibrodos_sewer_entry_bend
D:5:      layout_rooms, dk_yredelemnul_ordeal, grunt_ministairs_4
D:6:      layout_layer_cave, serial_glass, glass_columns_b, glass_columns_a,
          hellmonk_ghost_happy_afterlife, hex_tiny, uniq_maggie, uniq_duvessa,
          uniq_pikel
D:7:      layout_loops_ring, serial_shops, kennysheep_mini_moat,
          lemuel_flamethrower_2
D:8:      layout_layer_cave
D:9:      layout_rooms, erik_lair_orcish_takeover, biasface_ghost_orc_armoury,
          minmay_stone_trees_small, amcnicky_mini_rare_corridor_liquid
D:10:     layout_big_octagon, kennysheep_orc_monster_closet_entryway,
          serial_shops, shop, shop, nicolae_stop_n_shop_1,
          nicolae_shop_hallway_stairs
D:11:     nrook_guardian_serpent_snake_passage, layout_basic
D:12:     layout_cave_pools
D:13:     layout_irregular_city, ximxim_vaults_locker_room, serial_shops,
          nicolae_shop_waterfront, nemelex_altar_shiori, uniq_nessos
D:14:     layout_roguey, minmay_holes, nicolae_stop_n_shop_1, uniq_roxanne
D:15:     grunt_enter_depths_magical_seal, layout_rooms,
          nicolae_sif_muna_condensation, uniq_louise, uniq_agnes, uniq_azrael
Temple:   nicolae_temple_bog_church
Lair:1:   layout_small_grid
Lair:2:   minmay_lair_oklob_chamber, layout_regular_city, swamp_mist
Lair:3:   beast_lair_carwin_large_4, layout_regular_city,
          nicolae_snake_entry_squirm, gammafunk_ghost_abyssal_escape, uniq_urug
Lair:4:   layout_regular_city, serial_bayou, serial_bayou_pond_a,
          serial_bayou_pond_a, serial_bayou_pond_d, serial_bayou_shore_b,
          serial_bayou_lagoon_a, serial_bayou_pond_a, serial_bayou_shore_b
Lair:5:   hangedman_lair_caniforms_friends, layout_layer_cave, wormcave,
          slime_entry_2, gauntlet_entry_generic, small_statue_intersection,
          minivault_26, worms_lemuel, serial_bayou_shore_a, uniq_josephine
Swamp:1:  layout_basic_swamp, gammafunk_ghost_cemetery,
          evilmike_swamp_ruin_house_2
Swamp:2:  layout_basic_swamp, nicolae_swamp_feature_on_the_river_bank,
          swamp_pool1
Swamp:3:  layout_basic_swamp, evilmike_swamp_ruin_house_5
Snake:1:  layout_onion, serial_shops, nicolae_shop_crystal
Snake:2:  layout_onion_interference, ebering_ghost_inner_flame,
          nicolae_triple_integral
Orc:1:    layout_caves, serial_shops, nicolae_shop_real_fake_doors,
          mines5_lemuel
Orc:2:    st_orc_congregation, layout_caves, serial_shops,
          nicolae_shop_tiny_statue_garden, nicolae_shop_peninsula, shop, shop

Skill      XL: |  1  2  3  4  5  6  7  8  9 10 11 12 13 14 15 16 |
---------------+-------------------------------------------------+-----
Ranged Weapons | 5 6 7 8 9 11 13 14 16 19 21 | 21.5
Armour         | 1 2 3 4 7 |  7.0
Fighting       | 3 4 5 6 7 9 10 13 15 | 15.0
Dodging        | 2 3 4 5 8 9 10 11 | 11.0
Invocations    | 4 7 10 | 10.0
Stealth        | |  1.1

Action                     |  1- 3 |  4- 6 |  7- 9 | 10-12 | 13-15 | 16-18 || total
---------------------------+-------+-------+-------+-------+-------+-------++-------
   Fire: Shortbow          |    92 |       |       |       |       |       ||    92
         Orcbow            |       |   121 |   365 |   680 |  1038 |       ||  2204
         Arbalest          |       |       |       |       |   177 |       ||   177
         Triple crossbow   |       |       |       |       |   171 |   310 ||   481
         Longbow           |       |       |       |       |     6 |       ||     6
 Invoke: Heroism           |       |       |     8 |    25 |    36 |    16 ||    85
         Finesse           |       |       |       |     3 |     9 |       ||    12
    Use: Scroll            |     3 |     4 |    10 |     6 |    16 |     1 ||    40
         Potion            |       |     2 |     1 |     2 |     2 |     1 ||     8
 Armour: Leather armour    |    15 |       |    11 |   150 |   290 |    76 ||   542
         Ring mail         |     6 |    33 |    71 |       |       |       ||   110
         Skin              |       |       |     2 |       |       |       ||     2
         Swamp dragon scal |       |       |    18 |       |       |       ||    18
  Dodge: Dodged            |    26 |    54 |   169 |   244 |   788 |   183 ||  1464
         Repelled          |       |       |       |       |       |     1 ||     1

Table legend:
 A = Non-vault XP
 B = Vault XP
 C = Vault XP percentage of total XP
 D = Non-vault monster count
 E = Vault monster count
 F = Vault count percentage of total count
                 A         B        C        D         E       F
            +---------+---------+-------+---------+---------+-------
      Total |  123700 |   63592 |  34.0 |     508 |     287 |  36.1
            +---------+---------+-------+---------+---------+-------
        D:1 |      55 |       0 |   0.0 |      27 |       0 |   0.0
        D:2 |      58 |       2 |   3.3 |      13 |       1 |   7.1
        D:3 |      58 |     231 |  79.9 |      19 |       1 |   5.0
        D:4 |     229 |       5 |   2.1 |      18 |       1 |   5.3
        D:5 |     528 |     162 |  23.5 |      21 |       6 |  22.2
        D:6 |     486 |    1189 |  71.0 |      16 |       4 |  20.0
        D:7 |     835 |       0 |   0.0 |      16 |       0 |   0.0
        D:8 |    1467 |       0 |   0.0 |      29 |       0 |   0.0
        D:9 |    1742 |     542 |  23.7 |      24 |       7 |  22.6
       D:10 |    3343 |    1866 |  35.8 |      24 |      20 |  45.5
       D:11 |    2284 |     905 |  28.4 |      15 |       2 |  11.8
       D:12 |    3948 |       0 |   0.0 |      10 |       0 |   0.0
       D:13 |    8789 |    5905 |  40.2 |      20 |      12 |  37.5
       D:14 |    5984 |    1342 |  18.3 |      10 |       1 |   9.1
       D:15 |    7237 |    8440 |  53.8 |      17 |      20 |  54.1
     Lair:1 |   11861 |       0 |   0.0 |      24 |       0 |   0.0
     Lair:2 |    9792 |    4741 |  32.6 |      31 |      15 |  32.6
     Lair:3 |    4745 |    2093 |  30.6 |      14 |      12 |  46.2
     Lair:4 |    5718 |       0 |   0.0 |      21 |       0 |   0.0
     Lair:5 |    6785 |   19826 |  74.5 |      28 |      82 |  74.5
    Swamp:1 |    7789 |       0 |   0.0 |      16 |       0 |   0.0
    Swamp:2 |   14738 |       0 |   0.0 |      21 |       0 |   0.0
    Swamp:3 |   12888 |       0 |   0.0 |      25 |       0 |   0.0
    Snake:1 |    6964 |       0 |   0.0 |      15 |       0 |   0.0
    Snake:2 |    1817 |       0 |   0.0 |       3 |       0 |   0.0
      Orc:1 |    1454 |       0 |   0.0 |      16 |       0 |   0.0
      Orc:2 |    2106 |   11527 |  84.6 |      15 |      80 |  84.2
      Sewer |       0 |     164 | 100.0 |       0 |       8 | 100.0
   Gauntlet |       0 |    4652 | 100.0 |       0 |      15 | 100.0
            +---------+---------+-------+---------+---------+-------
